 Dungeon Crawl Stone Soup version 0.23-b1-6-ga921848b48 (webtiles) character file.

Game seed: 4659845597349484274

8689 Infinimo the Carver (level 11, -6/89 HPs)
             Began as a Demonspawn Fighter on Feb 2, 2019.
             Was a High Priest of Okawaru.
             Mangled by a brown ugly thing (9 damage)
             ... on level 11 of the Dungeon.
             The game lasted 00:19:21 (14424 turns).

Infinimo the Carver (Demonspawn Fighter)           Turns: 14424, Time: 00:19:22

Health: -6/89      AC: 10    Str: 17      XL:     11   Next: 13%
Magic:  20/20      EV:  8    Int: 16      God:    Okawaru [*****.]
Gold:   319        SH:  5    Dex: 12 (13) Spells: 10/10 levels left

rFire    . . .     SeeInvis .   a - +1 long sword
rCold    . . .     Gourm    .   e - +0 buckler
rNeg     . . .     Faith    .   p - +0 plate armour
rPois    .         Spirit   .   K - +0 hat of Upeukib {-Tele Regen+ Int+4}
rElec    .         Reflect  .   s - +0 cloak
rCorr    .         Harm     .   (no gloves)
MR       .....     NoTele   +   (no boots)
Stlth    ..........             (no amulet)
HPRegen  0.64/turn              C - ring of magical power
MPRegen  0.17/turn              g - ring of flight

@: lethally poisoned (-6 -> -6), corroded
A: horns 2, repulsion field 2, demonic guardian 1, rot immunity
a: Heroism, Finesse, Renounce Religion, Evoke Flight


You were on level 11 of the Dungeon.
You worshipped Okawaru.
Okawaru was extremely pleased with you.
You were not hungry.

You visited 2 branches of the dungeon, and saw 12 of its levels.

You collected 697 gold pieces.
You spent 378 gold pieces at shops.

Inventory:

Hand Weapons
 a - a +1 long sword (weapon)
Armour
 c - a +0 shield
 e - a +0 buckler (worn)
 p - a +0 plate armour (worn)
 s - a +0 cloak (worn)
 K - the +0 hat of Upeukib (worn) {-Tele Regen+ Int+4}
   (Okawaru gifted it to you on level 10 of the Dungeon)

   It affects your intelligence (+4).
   It prevents most forms of teleportation.
   It increases your rate of regeneration.
Jewellery
 b - an uncursed ring of teleportation
 g - a ring of flight (right hand)
 C - a ring of magical power (left hand)
 D - an uncursed ring of wizardry {unknown}
 F - an uncursed ring of magical power
 L - an uncursed amulet of faith {unknown}
Wands
 o - a wand of digging (7)
 A - a wand of acid (9)
 H - a wand of iceblast (9)
Scrolls
 i - 4 scrolls of enchant armour
 k - 2 scrolls of magic mapping
 w - 4 scrolls of teleportation
 y - 2 scrolls of fear
 B - 3 scrolls of remove curse
 E - 3 scrolls of identify
 G - a scroll of fog
 I - 2 scrolls of random uselessness {unknown}
 J - 2 scrolls of blinking
Potions
 d - a potion of ambrosia {unknown}
 h - 2 potions of mutation
 j - 3 potions of heal wounds
 l - 6 potions of curing
 m - a potion of resistance
 n - 2 potions of magic
 q - 2 potions of brilliance
 r - a potion of berserk rage {unknown}
 t - a potion of flight {unknown}
 u - a potion of agility {unknown}
 v - a potion of degeneration {unknown}
 x - a potion of invisibility {unknown}
 z - 4 potions of lignification {unknown}
 M - a potion of haste
Comestibles
 f - 14 rations


   Skills:
 + Level 9.2 Fighting
 * Level 11.3 Long Blades
 + Level 7.3 Armour
 - Level 5.0 Shields


You had 10 spell levels left.
You didn't know any spells.
Your spell library contained the following spells:

 Spells                   Type           Power        Failure   Level  Hunger
 Beastly Appendage        Tmut           #.....       100%        1    ##.....
 Sticks to Snakes         Tmut           #.......     100%        2    ###....
 Spider Form              Tmut/Pois      #.........   100%        3    ####...
 Ice Form                 Ice/Tmut       #.......     100%        4    #####..
 Blade Hands              Tmut           #.........   100%        5    ######.


Dungeon Overview and Level Annotations

Branches:
Dungeon (11/15)            Temple (1/1) D:6            Lair (0/6) D:10
    Orc: D:9-12

Altars:
Ashenzari
Cheibriados
Dithmenos
Elyvilon
Fedhas
Gozag
Hepliaklqana
Kikubaaqudgha
Makhleb
Nemelex Xobeh
Okawaru
Qazlal
Ru
Sif Muna
Trog
Uskayaw
Vehumet
Wu Jian
Xom
Yredelemnul
Zin
The Shining One

Shops:
D:9 ?   D:11 !

Portals:
Trove: D:10 (give +2 gold dragon scales)


Innate Abilities, Weirdness & Mutations

You have a pair of horns on your head.
You are surrounded by a moderate repulsion field. (EV +3)
A weak demonic guardian rushes to your aid.
You are immune to rotting.


Message History

The brown ugly thing claws your white imp.
Your white imp is splashed with acid.
The acid corrodes your white imp!
Drop what? 39/52 slots (_ for help) (? for menu, Esc to quit)
Keep disrobing? [Y]es or [N]o only, please.
Keep disrobing?
You start removing your armour.
You continue taking off the +0 hat of Upeukib {-Tele Regen+ Int+4}.
You feel sick. The brown ugly thing claws you!
* * * LOW HITPOINT WARNING * * *
The acid corrodes you!
You are splashed with acid!
* * * LOW HITPOINT WARNING * * *
You continue taking off the +0 hat of Upeukib {-Tele Regen+ Int+4}.
Your white imp hits the brown ugly thing.
Your white imp freezes the brown ugly thing.
The brown ugly thing claws your white imp!
Your white imp dies!
You continue taking off the +0 hat of Upeukib {-Tele Regen+ Int+4}.
The brown ugly thing claws you!
You die...

.... C...
#####..#
#...#..#
#...#..# ..
#...#..# ...
#..@#..#
.....#..†uT.#
#.....#####.(#
.............#
.........####
.........#
##.....∩#
#......###
#........#


You could see a brown ugly thing and a troll.

Vanquished Creatures
  A two-headed ogre (D:8)
  Pikel (D:4)
  Prince Ribbit (D:8)
  2 slime creatures (D:9)
  Grinder (D:3)
  A hornet (D:9)
  A spriggan (D:9)
  9 yaks
  A hungry ghost (D:9)
  A steam dragon (D:11)
  Duvessa (D:7)
  2 orc warriors
  3 ice beasts
  2 black bears
  2 phantoms
  A necrophage (D:9)
  2 ogres
  A centaur (D:10)
  A big kobold (D:10)
  2 bullfrogs
  Dowan (D:7)
  A water moccasin zombie (D:6)
  3 scorpions
  7 killer bees
  9 wights (D:7)
  4 crimson imps
  2 jellies (D:8)
  A quasit (D:11)
  2 hounds
  5 orc priests
  10 orc wizards
  4 bullfrog skeletons
  2 centaur skeletons (D:8)
  4 iguanas
  5 worker ants
  A hound skeleton (D:4)
  Robin (D:3)
  8 adders
  2 shadow imps
  An ooze (D:3)
  An adder zombie (D:7)
  4 worms (D:2)
  An adder skeleton (D:8)
  6 dart slugs
  7 leopard geckos
  27 orcs
  2 ball pythons
  8 giant cockroaches
  12 goblins
  9 hobgoblins
  13 jackals
  8 kobolds
  4 quokkas
  11 bats
  6 frilled lizards
  3 leopard gecko skeletons
  2 quokka skeletons
  3 rats
236 creatures vanquished.

Vanquished Creatures (collateral kills)
  Joseph (D:7)
  A troll (D:11)
  A slime creature (D:9)
  A hippogriff (D:9)
  A hungry ghost (D:8)
  5 yaks
  The ghost of stillor the Skirmisher, an amateur DsFi (D:3)
  Menkaure (D:7)
  A slave (D:4)
  A centaur (D:5)
  A bullfrog (D:7)
  A killer bee (D:10)
  A wight (D:7)
  2 orc priests (D:7)
  Jessica (D:2)
  An iguana (D:9)
  An adder (D:9)
  An orc (D:7)
  A giant cockroach (D:3)
  2 jackals (D:5)
26 creatures vanquished.

Vanquished Creatures (others)
  2 withered plants (D:3)
2 creatures vanquished.

Grand Total: 264 creatures vanquished

Notes
Turn   | Place    | Note
-------+----------+-------------------------------------------
     0 | D:1      | Infinimo the Demonspawn Fighter began the quest for the
                  | Orb.
     0 | D:1      | Reached XP level 1. HP: 18/18 MP: 1/1
    88 | D:1      | Reached skill level 2 in Long Blades
   114 | D:1      | Gained mutation: You are immune to rotting. [demonic
                  | ancestry]
   114 | D:1      | Reached XP level 2. HP: 20/24 MP: 2/2
   748 | D:1      | Gained mutation: You are surrounded by a mild repulsion
                  | field. (EV +2) [demonic ancestry]
   748 | D:1      | Reached XP level 3. HP: 29/29 MP: 3/3
  1414 | D:2      | Reached skill level 3 in Long Blades
  1744 | D:2      | Gained mutation: A weak demonic guardian rushes to your
                  | aid. [demonic ancestry]
  1744 | D:2      | Reached XP level 4. HP: 35/35 MP: 4/4
  1929 | D:2      | Noticed Jessica
  1945 | D:2      | Killed Jessica
  2586 | D:3      | Noticed Robin
  2639 | D:2      | Gained mutation: You are surrounded by a moderate repulsion
                  | field. (EV +3) [demonic ancestry]
  2639 | D:2      | Reached XP level 5. HP: 41/42 MP: 5/5
  2716 | D:3      | Killed Robin
  3069 | D:3      | Found a runed translucent door.
  3070 | D:3      | Noticed stillor's ghost (amateur DsFi)
  3302 | D:3      | Reached skill level 4 in Long Blades
  3492 | D:3      | Killed stillor's ghost
  3492 | D:3      | Reached XP level 6. HP: 34/49 MP: 6/6
  3644 | D:4      | Noticed Grinder
  3902 | D:3      | Killed Grinder
  3902 | D:3      | Reached skill level 5 in Long Blades
  3902 | D:3      | Gained mutation: You have a pair of small horns on your
                  | head. [demonic ancestry]
  3902 | D:3      | Reached XP level 7. HP: 22/55 MP: 7/7
  4519 | D:4      | Found a sparkling altar of Nemelex Xobeh.
  4590 | D:4      | Noticed Pikel
  4642 | D:4      | Killed Pikel
  4642 | D:4      | Reached skill level 5 in Fighting
  4642 | D:4      | Reached skill level 6 in Long Blades
  4902 | D:4      | Reached skill level 5 in Shields
  4902 | D:4      | Reached XP level 8. HP: 48/63 MP: 8/8
  5213 | D:5      | Entered Level 5 of the Dungeon
  5437 | D:5      | Found a snail-covered altar of Cheibriados.
  6151 | D:6      | Found a staircase to the Ecumenical Temple.
  6172 | Temple   | Entered the Ecumenical Temple
  6279 | Temple   | Became a worshipper of Warmaster Okawaru
  6343 | D:6      | Reached skill level 7 in Long Blades
  7136 | D:7      | Noticed Duvessa
  7136 | D:7      | Noticed Dowan
  7184 | D:7      | Killed Duvessa
  7513 | D:7      | Killed Dowan
  7592 | D:7      | Reached * piety under Okawaru
  8221 | D:7      | Gained mutation: You have a pair of horns on your head.
                  | [demonic ancestry]
  8221 | D:7      | Reached XP level 9. HP: 58/71 MP: 9/9
  8503 | D:7      | Reached skill level 8 in Long Blades
  8669 | D:7      | Noticed Joseph
  9324 | D:7      | Noticed Menkaure
  9336 | D:7      | Killed Menkaure
  9935 | D:7      | Killed Joseph
  9935 | D:7      | Reached ** piety under Okawaru
  9935 | D:7      | Reached skill level 5 in Armour
 10343 | D:8      | Found a sacrificial altar of Ru.
 10360 | D:8      | Found an opulent altar of Gozag.
 10439 | D:8      | Reached skill level 9 in Long Blades
 10582 | D:8      | Noticed Prince Ribbit
 10592 | D:8      | Killed Prince Ribbit
 10917 | D:8      | Noticed a two-headed ogre
 10927 | D:8      | Killed a two-headed ogre
 10927 | D:8      | Reached *** piety under Okawaru
 10927 | D:8      | Reached XP level 10. HP: 70/80 MP: 10/10
 10981 | D:9      | Reached **** piety under Okawaru
 11211 | D:8      | Reached skill level 10 in Long Blades
 11862 | D:9      | Found a bloodstained altar of Trog.
 12018 | D:9      | Found Ytwedaqi's Magic Scroll Shoppe.
 12027 | D:9      | Bought 2 scrolls of blinking for 180 gold pieces
 12577 | D:9      | Found a stormy altar of Qazlal.
 12680 | D:9      | Found a shadowy altar of Dithmenos.
 12697 | D:9      | Reached ***** piety under Okawaru
 12849 | D:9      | Reached skill level 11 in Long Blades
 13295 | D:9      | Reached XP level 11. HP: 85/89 MP: 11/11
 13394 | D:10     | Entered Level 10 of the Dungeon
 13552 | D:10     | Received a gift from Okawaru
 13731 | D:10     | Got a heavily runed hat {god gift}
 13737 | D:10     | Identified the +0 hat of Upeukib {-Tele Regen+ Int+4}
                  | (Okawaru gifted it to you on level 10 of the Dungeon)
 13905 | D:10     | Found a staircase to the Lair.
 14017 | D:10     | Found a portal to a secret trove of treasure.
 14360 | D:11     | Found Humpoll's Distillery.
 14368 | D:11     | Bought a potion of haste for 110 gold pieces
 14368 | D:11     | Bought a potion of mutation for 88 gold pieces
 14413 | D:11     | Noticed a brown ugly thing
 14422 | D:11     | HP: 2/89 [acid (12)]
 14424 | D:11     | Mangled by a brown ugly thing

Skill      XL: |  1  2  3  4  5  6  7  8  9 10 |
---------------+-------------------------------+-----
Long Blades    | 2 3 4 5 6 7 9 11 | 11.3
Shields        | 3 4 5 |  5.0
Fighting       | 4 5 6 8 9 |  9.2
Armour         | 4 5 7 |  7.3

Action                   |  1- 3 |  4- 6 |  7- 9 | 10-12 || total
-------------------------+-------+-------+-------+-------++-------
Melee: Long sword        |   128 |   175 |   508 |   342 ||  1153
       Headbutt          |       |       |   113 |    79 ||   192
Invok: Heroism           |       |       |     2 |     3 ||     5
  Use: Scroll            |       |     7 |     6 |       ||    13
       Potion            |       |     1 |     1 |     1 ||     3
 Stab: Distracted        |       |       |     3 |     3 ||     6
  Eat: Chunk             |     3 |     7 |    19 |     6 ||    35
       Ration            |       |       |     2 |     2 ||     4
Armor: Scale mail        |    63 |    64 |    18 |       ||   145
       Plate armour      |       |       |   215 |   155 ||   370
Dodge: Dodged            |    64 |   128 |   153 |   101 ||   446
Block: Shield            |    11 |       |       |       ||    11
       Buckler           |    27 |    46 |    93 |    73 ||   239
       Rpst.: Long sword |    20 |    45 |    47 |    24 ||   136
